 Dungeon Crawl Stone Soup version 0.23.2-30-g0e89c35649 (webtiles) character file.

Game seed: 8286767668444296687

142 teukkam the Shield-Bearer (level 5, -6/46 HPs)
             Began as a Minotaur Fighter on June 15, 2019.
             Was a Follower of Zin.
             Killed from afar by an orc wizard (8 damage)
             ... with a puff of frost
             ... on level 5 of the Dungeon.
             The game lasted 00:09:43 (1517 turns).

teukkam the Shield-Bearer (Minotaur Fighter)        Turns: 1517, Time: 00:09:44

Health: -6/46      AC: 13    Str: 21    XL:     5   Next: 3%
Magic:  4/4        EV: 11    Int:  5    God:    Zin [*.....]
Gold:   64         SH: 14    Dex: 15    Spells: 4/4 levels left

rFire    . . .     SeeInvis .   a - +0 war axe
rCold    . . .     Gourm    .   c - +1 shield
rNeg     . . .     Faith    .   j - +0 chain mail
rPois    .         Spirit   .   (helmet restricted)
rElec    .         Reflect  +   q - +2 cloak
rCorr    .         Harm     .   (no gloves)
MR       +....                  (no boots)
Stlth    ..........             h - +3 amulet of reflection
HPRegen  0.15/turn              p - ring of protection from magic
MPRegen  0.09/turn              (no ring)

@: agile, lethally poisoned (-6 -> -7), hasted, very quick
A: retaliatory headbutt, horns 2
a: Recite, Donate Gold, Renounce Religion


You were on level 5 of the Dungeon.
You worshipped Zin.
Zin was aware of your devotion.
You were not hungry.

You visited 1 branch of the dungeon, and saw 5 of its levels.

You collected 71 gold pieces.
You donated 7 gold pieces to Zin.

Inventory:

Hand Weapons
 a - a +0 war axe (weapon)
 k - a -1 mace
 n - a +1 short sword of freezing
Missiles
 o - 105 stones (quivered)
 r - 15 poisoned needles
Armour
 c - a +1 shield (worn)
 j - a +0 chain mail (worn)
 q - a +2 cloak (worn)
Jewellery
 g - an uncursed amulet of the gourmand
 h - a +3 amulet of reflection (around neck)
 p - a ring of protection from magic (left hand)
 s - a +3 ring of strength
Scrolls
 b - 2 scrolls of identify
Potions
 e - 2 potions of flight
Comestibles
 f - 4 rations
 v - a chunk of flesh


   Skills:
 + Level 4.0 Fighting
 + Level 2.5(2.7) Axes
 + Level 1.2(2.0) Maces & Flails
 + Level 5.0 Armour
 + Level 1.5 Dodging
 + Level 5.0 Shields


You had 4 spell levels left.
You didn't know any spells.
Your spell library was empty.

Dungeon Overview and Level Annotations

Branches:
Dungeon (5/15)
 Temple: D:4-7

Altars:
Gozag
Okawaru
Xom
Zin

Annotations:
D:4 Dowan, Duvessa


Innate Abilities, Weirdness & Mutations

You reflexively headbutt those who attack you in melee.
You have a pair of horns on your head.


Message History

You slash the worker ant!
You kill the worker ant!
Your Armour skill increases to level 5!
You have reached level 5!
* * * LOW HITPOINT WARNING * * *
You feel sick.
An orc is nearby!
An orc is nearby!
* * * LOW HITPOINT WARNING * * *
You feel sick. Something hits you but does no damage.
You hit something but do no damage. Your headbutt misses something.
You block something's attack.
You closely miss something.
The orc wizard casts a spell.
The orc wizard flickers and vanishes!
You hear some strange, mumbled words.
A puff of frost appears from out of thin air!
The puff of frost hits you!
You die...

#################
#................
#......$.........
#................
#................
#................
#@..o†{..........
#########'######
#..........#
#..........+
#..........#
####..#..#+###
#####......
#...... #...{..


You could see an orc.

Vanquished Creatures
  An orc priest (D:3)
  A worker ant (D:5)
  4 adders
  A worm (D:3)
  A dart slug (D:3)
  A leopard gecko (D:3)
  5 orcs (D:3)
  4 bats
  2 giant cockroaches
  2 goblins (D:2)
  4 hobgoblins
  8 jackals (D:3)
  2 ball pythons (D:3)
  3 frilled lizards
  3 kobolds
  A rat (D:2)
43 creatures vanquished.

Notes
Turn   | Place    | Note
-------+----------+-------------------------------------------
     0 | D:1      | teukkam the Minotaur Fighter began the quest for the Orb.
     0 | D:1      | Reached XP level 1. HP: 19/19 MP: 0/0
   192 | D:2      | Found a glowing silver altar of Zin.
   199 | D:2      | Became a worshipper of Zin the Law-Giver
   328 | D:2      | Reached XP level 2. HP: 19/27 MP: 1/1
   557 | D:2      | Found an opulent altar of Gozag.
   564 | D:2      | Reached skill level 1 in Dodging
   578 | D:2      | Reached XP level 3. HP: 25/33 MP: 2/2
   838 | D:3      | Found an iron altar of Okawaru.
   944 | D:3      | Reached * piety under Zin
  1016 | D:2      | Found a shimmering altar of Xom.
  1146 | D:3      | Reached XP level 4. HP: 40/40 MP: 3/3
  1223 | D:3      | Reached skill level 1 in Maces & Flails
  1282 | D:3      | Reached skill level 5 in Shields
  1430 | D:5      | Entered Level 5 of the Dungeon
  1450 | D:4      | Noticed Duvessa
  1450 | D:4      | Noticed Dowan
  1503 | D:5      | HP: 2/40 [poisoned by Duvessa]
  1508 | D:5      | Reached skill level 5 in Armour
  1508 | D:5      | Reached XP level 5. HP: 3/46 MP: 4/4
  1508 | D:5      | HP: 2/46 [poisoned by Duvessa]
  1513 | D:5      | HP: 2/46 [poisoned by Duvessa]
  1517 | D:5      | Killed from afar by an orc wizard

Skill      XL: |  1  2  3  4 |
---------------+-------------+-----
Shields        | 4 5 |  5.0
Dodging        | 1 |  1.5
Fighting       | 4 |  4.0
Armour         | 4 5 |  5.0
Maces & Flails | 1 |  1.2
Axes           | |  2.5

Action                   |  1- 3 |  4- 6 || total
-------------------------+-------+-------++-------
Melee: Mace              |    84 |    32 ||   116
       War axe           |    11 |     7 ||    18
       Headbutt          |    11 |     6 ||    17
Throw: Throwing net      |       |     1 ||     1
  Use: Scroll            |     5 |     3 ||     8
       Potion            |     3 |     6 ||     9
  Eat: Chunk             |     1 |     2 ||     3
Armor: Chain mail        |    70 |    30 ||   100
       Scale mail        |     3 |       ||     3
Dodge: Dodged            |    32 |    14 ||    46
Block: Shield            |    63 |    47 ||   110
       Reflection        |     1 |       ||     1
